WCHLSIM.com - West Coast Hockey League
html PUBLIC "-//W3C//DTD XHTML 1.0 Transitional//EN" "http://www.w3.org/TR/xhtml1/DTD/xhtml1-transitional.dtd"> WCHL - Game 176 - NORTH DAKOTA HAWKS vs PHOENIX MUSTANGS

NORTH DAKOTA HAWKS vs PHOENIX MUSTANGS

Created - 7 novembre 2023 at 21:53

Goals
1 2 3 T
NORTH DAKOTA HAWKS 1 2 1 4
PHOENIX MUSTANGS 1 0 0 1
Shots
1 2 3 T
NORTH DAKOTA HAWKS 10 17 10 37
PHOENIX MUSTANGS 6 8 7 21

1st period

1. PHOENIX MUSTANGS , Andrew Copp 2 (Brad Marchand 4, Jeff Petry 4) at 0:58
2. NORTH DAKOTA HAWKS , Nick Suzuki 6 (Reyley Smith 7, Jake DeBrusk 7) at 1:14

Penalties :
Radko Gudas (PHX) for Hooking (Minor) at 6:41

2nd period

3. NORTH DAKOTA HAWKS , Nick Suzuki 7 (Cale Makar 11) at 10:10
4. NORTH DAKOTA HAWKS , Nick Suzuki 8 (Jake DeBrusk 8, Cale Makar 12) at 15:18

Penalties :
No Penalty

3rd period

5. NORTH DAKOTA HAWKS , Jake DeBrusk 6 (Nick Suzuki 9, Erik Johnson 3) at 9:59

Penalties :
Erik Johnson (NDH) for Interference (Minor) at 5:39

Goalie Stats

Linus Ullmark (NDH), 20 saves from 21 shots - (0,952), W, 8-2-0, 60:00 minutes
Petr Mrazek (PHX), 33 saves from 37 shots - (0,892), L, 2-1-2, 60:00 minutes

Players Stats for NORTH DAKOTA HAWKS

Player Name              G  A  P  +/- PIM S  H  SB GA TA FO     MP     PP MP  PK MP  
------------------------------------------------------------------------------------
Alex Belzile             0  0  0   0  0   0  0  0  0  0  0/0     8:40   0:00   0:00 
Cale Makar               0  2  2   1  0   1  0  2  0  0  0/0    23:29   1:07   0:50 
Connor Clifton           0  0  0   0  0   0  1  0  0  0  0/0    16:54   0:00   0:34 
Connor Dewar             0  0  0   0  0   2  1  0  0  0  2/13    9:14   0:00   0:34 
Dillon Dube              0  0  0   0  0   4  1  0  0  0  0/0    14:05   1:07   0:25 
Emil Bemstrom            0  0  0   0  0   2  0  0  0  0  0/1    12:33   0:00   0:00 
Erik Johnson             0  1  1   2  2   0  3  3  0  0  0/0    18:09   0:00   0:00 
Frederick Gaudreau       0  0  0   0  0   1  2  0  0  0  11/21  14:45   0:52   1:20 
Garnet Hathaway          0  0  0   0  0   4  2  0  0  0  0/0     9:40   0:00   1:00 
Jack Hughes              0  0  0  -1  0   0  1  0  0  0  4/20   18:51   0:52   0:00 
Jake DeBrusk             1  2  3   4  0   5  0  0  0  0  0/0    17:57   1:07   0:00 
Jason Robertson          0  0  0  -1  0   3  0  0  0  0  1/1    18:51   0:52   0:00 
Jordan Kyrou             0  0  0  -1  0   0  0  0  0  0  0/2    19:30   0:52   0:39 
Mathew Dumba             0  0  0   1  0   0  2  1  0  0  0/0    22:06   0:00   0:34 
Nick Blankenburg         0  0  0   0  0   0  0  0  0  0  0/0    18:12   0:52   1:00 
Nick Suzuki              3  1  4   4  0   9  0  0  0  0  16/30  17:57   1:07   0:00 
Reyley Smith             0  1  1   4  0   6  2  1  0  0  0/1    17:57   1:07   0:00 
Ryan Lindgren            0  0  0   2  0   0  0  1  0  0  0/0    19:10   0:00   1:00 

Players Stats for PHOENIX MUSTANGS

Player Name              G  A  P  +/- PIM S  H  SB GA TA FO     MP     PP MP  PK MP  
------------------------------------------------------------------------------------
Alex Barre-Boulet        0  0  0   0  0   0  0  0  0  0  0/0     5:09   0:00   0:00 
Alex Killorn             0  0  0  -2  0   2  0  0  0  0  0/0    14:15   0:50   0:00 
Andrew Copp              1  0  1   0  0   2  0  0  0  0  2/3    19:49   0:00   1:15 
Brad Marchand            0  1  1   0  0   5  0  0  0  0  0/2    19:43   1:09   0:00 
Damon Severson           0  0  0   0  0   0  1  0  0  0  0/0    22:05   0:59   0:16 
Erik Karlsson            0  0  0   0  0   1  0  2  0  0  0/0    25:49   1:00   1:11 
Ilya Lyubushkin          0  0  0  -3  0   0  1  0  0  0  0/0    16:59   0:59   0:48 
Jeff Petry               0  1  1   0  0   0  1  2  0  0  0/0    21:21   0:45   0:48 
Jesper Fast              0  0  0  -2  0   0  0  0  0  0  0/0    13:25   0:00   0:00 
Joel Armia               0  0  0   0  0   1  0  0  0  0  0/0     5:53   0:00   0:44 
Joel Edmundson           0  0  0  -3  0   0  1  2  0  0  0/0    14:51   0:15   0:55 
Jonathan Miller          0  0  0  -1  0   2  2  0  0  0  18/29  20:47   1:09   0:44 
Jordan Eberle            0  0  0  -1  0   0  0  0  0  0  1/1    19:44   0:50   0:00 
Kyle Connor              0  0  0  -1  0   1  0  0  0  0  2/3    20:03   1:09   0:00 
Mark Scheifele           0  0  0   0  0   5  1  0  0  0  18/26  19:24   0:50   0:00 
Nic Dowd                 0  0  0  -2  0   0  1  0  0  0  9/19   14:40   0:00   1:15 
Radko Gudas              0  0  0   0  2   0  3  1  0  0  0/0    18:54   0:00   0:00 
Tyson Jost               0  0  0   0  0   2  0  0  0  0  5/6     5:09   0:00   0:00 

3 Stars

1 - Nick Suzuki (NDH)
2 - Jake DeBrusk (NDH)
3 - Reyley Smith (NDH)

Power Play

NORTH DAKOTA HAWKS - 0 on 1 Attempt(s) - 0,00%
PHOENIX MUSTANGS - 0 on 1 Attempt(s) - 0,00%

Penalty Kill

NORTH DAKOTA HAWKS - 1 on 1 Attempt(s) - 100,00% - Score 0 goal in Penalty Kill
PHOENIX MUSTANGS - 1 on 1 Attempt(s) - 100,00% - Score 0 goal in Penalty Kill

Team Stat

NORTH DAKOTA HAWKS - Hits : 15 - Faceoff Wins : 34 - Blocked Shots : 8 - Penalty Minutes : 2
PHOENIX MUSTANGS - Hits : 11 - Faceoff Wins : 55 - Blocked Shots : 7 - Penalty Minutes : 2

Official

Referees : Brian Pochmara and Andrew Howard
Linesman : Mark Shewchyk and Matt Brady

Game Notes

Nick Suzuki has scored a Hat Trick!
Joel Edmundson is injured at 15:19 of 3rd period (Bruised Left Shoulder)

Finance

Level 1 -- Attendance: 5001 (76,94%) -- Ticket Income 875 175 $
Level 2 -- Attendance: 5790 (98,97%) -- Ticket Income 636 900 $
Level 3 -- Attendance: 2015 (67,17%) -- Ticket Income 201 500 $
Level 4 -- Attendance: 3708 (92,70%) -- Ticket Income 278 100 $
Luxury Box -- Attendance: 867 (86,70%) -- Ticket Income 303 450 $
Game was played at the Mustangs Palace.
Total Attendance: 17381 (85,41%)
Total Ticket Income: 2 295 125 $
Other Expense: 22 951 $
Total Income: 2 272 174 $

NORTH DAKOTA HAWKS

5 vs 5 Forward 
   Center                   Left Wing                Right Wing               Time % Phy DF OF 
 1 Jack Hughes              Jason Robertson          Jordan Kyrou             32     0   2  3  
 2 Nick Suzuki              Jake DeBrusk             Reyley Smith             30     0   2  3  
 3 Frederick Gaudreau       Dillon Dube              Emil Bemstrom            22     0   3  2  
 4 Connor Dewar             Garnet Hathaway          Alex Belzile             16     0   4  1  

5 vs 5 Defense 
   Defense                  Defense                                           Time % Phy DF OF 
 1 Mathew Dumba             Cale Makar                                        38     0   1  4  
 2 Ryan Lindgren            Erik Johnson                                      32     0   4  1  
 3 Nick Blankenburg         Connor Clifton                                    15     0   4  1  
 4 Nick Blankenburg         Connor Clifton                                    15     0   4  1  

PowerPlay Forward 
   Center                   Left Wing                Right Wing               Time % Phy DF OF 
 1 Nick Suzuki              Jake DeBrusk             Reyley Smith             65     1   0  4  
 2 Jack Hughes              Jason Robertson          Jordan Kyrou             35     1   0  4  

PowerPlay Defense
   Defense                  Defense                                           Time % Phy DF OF 
 1 Cale Makar               Dillon Dube                                       65     1   0  4  
 2 Frederick Gaudreau       Nick Blankenburg                                  35     1   0  4  

Penalty Kill 4 Players Forward 
   Center                   Wing                     Time % Phy DF OF 
 1 Frederick Gaudreau       Garnet Hathaway          65     0   4  1  
 2 Nick Suzuki              Jake DeBrusk             35     0   4  1  

Penalty Kill 4 Players Defense
   Defense                  Defense                  Time % Phy DF OF 
 1 Ryan Lindgren            Erik Johnson             65     0   5  0  
 2 Mathew Dumba             Connor Clifton           35     0   5  0  

Penalty Kill - 3 Players Forward 
   Forward                                           Time % Phy DF OF 
 1 Frederick Gaudreau                                60     0   5  0  
 2 Nick Suzuki                                       40     0   5  0  

Penalty Kill - 3 Players Defense
   Defense                  Defense                  Time % Phy DF OF 
 1 Ryan Lindgren            Erik Johnson             60     0   5  0  
 2 Mathew Dumba             Connor Clifton           40     0   5  0  

4 vs 4 Forward 
   Center                   Wing                     Time % Phy DF OF 
 1 Jack Hughes              Jason Robertson          55     0   1  4  
 2 Nick Suzuki              Jake DeBrusk             45     0   1  4  

4 vs 4 Defense
   Defense                  Defense                  Time % Phy DF OF 
 1 Mathew Dumba             Cale Makar               55     0   1  4  
 2 Ryan Lindgren            Nick Blankenburg         45     0   4  1  

Last Minutes Offensive
   Center                   Left Wing                Right Wing               Defense                  Defense                  
   Nick Suzuki              Jason Robertson          Jordan Kyrou             Jack Hughes              Cale Makar               

Last Minutes Defensive
   Center                   Left Wing                Right Wing               Defense                  Defense                  
   Nick Suzuki              Jake DeBrusk             Reyley Smith             Ryan Lindgren            Cale Makar               

Goaltenders
Starting : Linus Ullmark            
Backup : Scott Wedgewood          

Extra Forwards
Normal : Alex Belzile, Emil Bemstrom, Connor Dewar - PP : Emil Bemstrom, Garnet Hathaway - PK : Connor Dewar
Extra Defensemen
Normal : Connor Clifton, Nick Blankenburg, Erik Johnson - PP : Ryan Lindgren - PK : Cale Makar, Nick Blankenburg
Penalty Shots
Jordan Kyrou, Jason Robertson, Jack Hughes, Nick Suzuki, Jake DeBrusk
Custom OT Lines Forwards
Jack Hughes, Jason Robertson, Jordan Kyrou, Nick Suzuki, Jake DeBrusk, Reyley Smith, Frederick Gaudreau, Dillon Dube, Emil Bemstrom, Garnet Hathaway
Custom OT Lines Defensemen
Cale Makar, Ryan Lindgren, Erik Johnson, Mathew Dumba, Connor Clifton

Scratches
Ben Hutton (Healthy), Nathan Walker (Healthy)

PHOENIX MUSTANGS

5 vs 5 Forward 
   Center                   Left Wing                Right Wing               Time % Phy DF OF 
 1 Jonathan Miller          Kyle Connor              Jordan Eberle            34     0   2  3  
 2 Mark Scheifele           Andrew Copp              Brad Marchand            34     0   2  3  
 3 Nic Dowd                 Alex Killorn             Jesper Fast              25     0   3  2  
 4 Tyson Jost               Joel Armia               Alex Barre-Boulet        7      0   3  2  

5 vs 5 Defense 
   Defense                  Defense                                           Time % Phy DF OF 
 1 Erik Karlsson            Damon Severson                                    44     0   3  2  
 2 Jeff Petry               Radko Gudas                                       34     0   3  2  
 3 Ilya Lyubushkin          Joel Edmundson                                    22     0   3  2  
 4 Erik Karlsson            Jeff Petry                                        0      0   3  2  

PowerPlay Forward 
   Center                   Left Wing                Right Wing               Time % Phy DF OF 
 1 Jonathan Miller          Kyle Connor              Brad Marchand            60     0   1  4  
 2 Mark Scheifele           Alex Killorn             Jordan Eberle            40     0   1  4  

PowerPlay Defense
   Defense                  Defense                                           Time % Phy DF OF 
 1 Erik Karlsson            Jeff Petry                                        70     0   1  4  
 2 Ilya Lyubushkin          Damon Severson                                    30     0   1  4  

Penalty Kill 4 Players Forward 
   Center                   Wing                     Time % Phy DF OF 
 1 Andrew Copp              Nic Dowd                 60     1   2  2  
 2 Jonathan Miller          Joel Armia               40     1   2  2  

Penalty Kill 4 Players Defense
   Defense                  Defense                  Time % Phy DF OF 
 1 Radko Gudas              Erik Karlsson            55     1   2  2  
 2 Jeff Petry               Ilya Lyubushkin          45     1   2  2  

Penalty Kill - 3 Players Forward 
   Forward                                           Time % Phy DF OF 
 1 Nic Dowd                                          60     0   4  1  
 2 Andrew Copp                                       40     0   4  1  

Penalty Kill - 3 Players Defense
   Defense                  Defense                  Time % Phy DF OF 
 1 Erik Karlsson            Radko Gudas              50     0   4  1  
 2 Jeff Petry               Damon Severson           50     0   4  1  

4 vs 4 Forward 
   Center                   Wing                     Time % Phy DF OF 
 1 Mark Scheifele           Kyle Connor              50     0   2  3  
 2 Andrew Copp              Jordan Eberle            50     0   2  3  

4 vs 4 Defense
   Defense                  Defense                  Time % Phy DF OF 
 1 Erik Karlsson            Jeff Petry               50     0   2  3  
 2 Radko Gudas              Damon Severson           50     0   2  3  

Last Minutes Offensive
   Center                   Left Wing                Right Wing               Defense                  Defense                  
   Jonathan Miller          Kyle Connor              Brad Marchand            Erik Karlsson            Jeff Petry               

Last Minutes Defensive
   Center                   Left Wing                Right Wing               Defense                  Defense                  
   Andrew Copp              Jonathan Miller          Nic Dowd                 Radko Gudas              Erik Karlsson            

Goaltenders
Starting : Petr Mrazek              
Backup : Antti Raanta             

Extra Forwards
Normal : Jonathan Miller, Brad Marchand, Mark Scheifele - PP : Jordan Eberle, Kyle Connor - PK : Jesper Fast
Extra Defensemen
Normal : Jeff Petry, Erik Karlsson, Damon Severson - PP : Erik Karlsson - PK : Joel Edmundson, Radko Gudas
Penalty Shots
Mark Scheifele, Jonathan Miller, Kyle Connor, Erik Karlsson, Brad Marchand
Custom OT Lines Forwards
Jonathan Miller, Mark Scheifele, Brad Marchand, Kyle Connor, Jordan Eberle, Andrew Copp, Alex Killorn, Jesper Fast, Nic Dowd, Joel Armia
Custom OT Lines Defensemen
Erik Karlsson, Jeff Petry, Damon Severson, Ilya Lyubushkin, Radko Gudas

Scratches
None


% Time on Ice - NORTH DAKOTA HAWKS

Lines # - Real PCT - Wanted PCT - Time Play
Normal Forward
1 - 32% - 32% - 17:59
2 - 30% - 30% - 16:50
3 - 22% - 22% - 12:33
4 - 15% - 16% - 8:40
Normal Defense
1 - 38% - 38% - 21:32
2 - 32% - 32% - 18:10
3 - 15% - 15% - 8:28
4 - 14% - 15% - 7:52
PP Forward
1 - 56% - 65% - 1:07
2 - 44% - 35% - 0:52
PP Defense
1 - 56% - 65% - 1:07
2 - 44% - 35% - 0:52
PK Forward
1 - 100% - 65% - 1:59
2 - 0% - 35% - 0:00
PK Defense
1 - 71% - 65% - 1:25
2 - 29% - 35% - 0:34
PK3 Forward
1 - 0% - 60%
2 - 0% - 40%
PK3 Defense
1 - 0% - 60%
2 - 0% - 40%
44 Forward
1 - 0% - 55%
2 - 0% - 45%
44 Defense
1 - 0% - 55%
2 - 0% - 45%
Last Minute Offensive  - 0:00
Last Minute Defensive  - 0:00
Total
Forward - 60:00
Defense - 60:00

% Time on Ice - PHOENIX MUSTANGS

Lines # - Real PCT - Wanted PCT - Time Play
Normal Forward
1 - 34% - 34% - 18:54
2 - 33% - 34% - 18:34
3 - 24% - 25% - 13:25
4 - 9% - 7% - 5:09
Normal Defense
1 - 37% - 44% - 20:42
2 - 34% - 34% - 18:53
3 - 27% - 22% - 15:12
4 - 2% - 0% - 1:15
PP Forward
1 - 58% - 60% - 1:09
2 - 42% - 40% - 0:50
PP Defense
1 - 50% - 70% - 1:00
2 - 50% - 30% - 0:59
PK Forward
1 - 63% - 60% - 1:15
2 - 37% - 40% - 0:44
PK Defense
1 - 60% - 55% - 1:11
2 - 40% - 45% - 0:48
PK3 Forward
1 - 0% - 60%
2 - 0% - 40%
PK3 Defense
1 - 0% - 50%
2 - 0% - 50%
44 Forward
1 - 0% - 50%
2 - 0% - 50%
44 Defense
1 - 0% - 50%
2 - 0% - 50%
Last Minute Offensive  - 0:00
Last Minute Defensive  - 0:00
Total
Forward - 60:00
Defense - 60:00

Play-by-Play

1st period


0:01 of 1st period - Jonathan Miller wins face-off versus Jack Hughes in neutral zone.
0:21 of 1st period - Icing by Jordan Kyrou.
0:22 of 1st period - Mark Scheifele wins face-off versus Jack Hughes in NORTH DAKOTA HAWKS zone.
0:50 of 1st period - Andrew Copp is hit by Mathew Dumba and loses puck.
0:58 of 1st period - Shot by Andrew Copp.
0:58 of 1st period - Goal by Andrew Copp - NORTH DAKOTA HAWKS : 0 - PHOENIX MUSTANGS : 1.
0:59 of 1st period - Nick Suzuki wins face-off versus Nic Dowd in neutral zone.
1:14 of 1st period - Shot by Nick Suzuki.
1:14 of 1st period - Goal by Nick Suzuki - NORTH DAKOTA HAWKS : 1 - PHOENIX MUSTANGS : 1.
1:15 of 1st period - Tyson Jost wins face-off versus Emil Bemstrom in neutral zone.
1:26 of 1st period - Shot by Joel Armia.
1:26 of 1st period - Stopped by Linus Ullmark without a rebound.
1:27 of 1st period - Jonathan Miller wins face-off versus Connor Dewar in NORTH DAKOTA HAWKS zone.
1:57 of 1st period - Off-side.
1:58 of 1st period - Nick Suzuki wins face-off versus Nic Dowd in neutral zone.
3:11 of 1st period - Shot by Mark Scheifele.
3:11 of 1st period - Stopped by Linus Ullmark without a rebound.
3:12 of 1st period - Jonathan Miller wins face-off versus Frederick Gaudreau in NORTH DAKOTA HAWKS zone.
3:18 of 1st period - Icing by Ryan Lindgren.
3:19 of 1st period - Frederick Gaudreau wins face-off versus Jonathan Miller in NORTH DAKOTA HAWKS zone.
5:52 of 1st period - Shot by Garnet Hathaway.
5:52 of 1st period - Stopped by Petr Mrazek without a rebound.
5:53 of 1st period - Tyson Jost wins face-off versus Nick Suzuki in PHOENIX MUSTANGS zone.
6:23 of 1st period - Shot by Tyson Jost.
6:23 of 1st period - Stopped by Linus Ullmark without a rebound.
6:24 of 1st period - Frederick Gaudreau wins face-off versus Jonathan Miller in NORTH DAKOTA HAWKS zone.
6:24 of 1st period - Frederick Gaudreau is hit by Jonathan Miller.
6:41 of 1st period - Minor Penalty to Radko Gudas for Hooking.
6:42 of 1st period - Andrew Copp wins face-off versus Nick Suzuki in PHOENIX MUSTANGS zone.
7:02 of 1st period - Shot by Dillon Dube.
7:02 of 1st period - Stopped by Petr Mrazek without a rebound.
7:03 of 1st period - Andrew Copp wins face-off versus Jack Hughes in PHOENIX MUSTANGS zone.
7:24 of 1st period - Shot by Frederick Gaudreau.
7:24 of 1st period - Shot Misses the Net.
7:26 of 1st period - Shot by Frederick Gaudreau.
7:26 of 1st period - Shot Blocked by Joel Edmundson.
8:34 of 1st period - Icing by Cale Makar.
8:35 of 1st period - Nick Suzuki wins face-off versus Andrew Copp in NORTH DAKOTA HAWKS zone.
8:35 of 1st period - Nick Suzuki is hit by Nic Dowd.
9:15 of 1st period - Jeff Petry is hit by Connor Dewar and loses puck.
9:25 of 1st period - Off-side.
9:26 of 1st period - Mark Scheifele wins face-off versus Jack Hughes in neutral zone.
9:51 of 1st period - Shot by Andrew Copp.
9:51 of 1st period - Shot Misses the Net.
9:53 of 1st period - Shot by Mark Scheifele.
9:53 of 1st period - Shot Misses the Net.
10:09 of 1st period - Shot by Brad Marchand.
10:09 of 1st period - Stopped by Linus Ullmark without a rebound.
10:10 of 1st period - Nick Suzuki wins face-off versus Nic Dowd in NORTH DAKOTA HAWKS zone.
10:15 of 1st period - Shot by Reyley Smith.
10:15 of 1st period - Stopped by Petr Mrazek with a rebound.
10:19 of 1st period - Shot by Jake DeBrusk.
10:19 of 1st period - Stopped by Petr Mrazek without a rebound.
10:20 of 1st period - Tyson Jost wins face-off versus Frederick Gaudreau in PHOENIX MUSTANGS zone.
10:20 of 1st period - Tyson Jost is hit by Frederick Gaudreau.
10:30 of 1st period - Shot by Frederick Gaudreau.
10:30 of 1st period - Shot Blocked by Jeff Petry.
10:32 of 1st period - Shot by Emil Bemstrom.
10:32 of 1st period - Stopped by Petr Mrazek without a rebound.
10:33 of 1st period - Nick Suzuki wins face-off versus Nic Dowd in PHOENIX MUSTANGS zone.
10:53 of 1st period - Icing by Damon Severson.
10:54 of 1st period - Nic Dowd wins face-off versus Frederick Gaudreau in PHOENIX MUSTANGS zone.
11:14 of 1st period - Icing by Frederick Gaudreau.
11:15 of 1st period - Frederick Gaudreau wins face-off versus Mark Scheifele in NORTH DAKOTA HAWKS zone.
11:20 of 1st period - Brad Marchand is hit by Frederick Gaudreau and loses puck.
12:05 of 1st period - Icing by Nick Blankenburg.
12:06 of 1st period - Frederick Gaudreau wins face-off versus Jonathan Miller in NORTH DAKOTA HAWKS zone.
12:54 of 1st period - Shot by Jake DeBrusk.
12:54 of 1st period - Stopped by Petr Mrazek without a rebound.
12:55 of 1st period - Jack Hughes wins face-off versus Nic Dowd in PHOENIX MUSTANGS zone.
13:21 of 1st period - Off-side.
13:22 of 1st period - Nick Suzuki wins face-off versus Mark Scheifele in neutral zone.
13:37 of 1st period - Shot by Reyley Smith.
13:37 of 1st period - Stopped by Petr Mrazek without a rebound.
13:38 of 1st period - Jonathan Miller wins face-off versus Jack Hughes in PHOENIX MUSTANGS zone.
15:28 of 1st period - Icing by Cale Makar.
15:29 of 1st period - Nic Dowd wins face-off versus Nick Suzuki in NORTH DAKOTA HAWKS zone.
16:29 of 1st period - Icing by Mathew Dumba.
16:30 of 1st period - Nick Suzuki wins face-off versus Mark Scheifele in NORTH DAKOTA HAWKS zone.
17:14 of 1st period - Shot by Jason Robertson.
17:14 of 1st period - Stopped by Petr Mrazek without a rebound.
17:15 of 1st period - Jonathan Miller wins face-off versus Connor Dewar in PHOENIX MUSTANGS zone.
18:07 of 1st period - Shot by Frederick Gaudreau.
18:07 of 1st period - Stopped by Petr Mrazek without a rebound.
18:08 of 1st period - Jason Robertson wins face-off versus Nic Dowd in PHOENIX MUSTANGS zone.
18:19 of 1st period - Shot by Jack Hughes.
18:19 of 1st period - Shot Misses the Net.
18:28 of 1st period - Icing by Erik Karlsson.
18:29 of 1st period - Nic Dowd wins face-off versus Frederick Gaudreau in PHOENIX MUSTANGS zone.
18:29 of 1st period - Nic Dowd is hit by Dillon Dube.
18:51 of 1st period - Shot by Alex Killorn.
18:51 of 1st period - Shot Misses the Net.
18:53 of 1st period - Shot by Nic Dowd.
18:53 of 1st period - Shot Misses the Net.
19:17 of 1st period - Icing by Brad Marchand.
19:18 of 1st period - Mark Scheifele wins face-off versus Jordan Kyrou in PHOENIX MUSTANGS zone.
19:49 of 1st period - Shot by Brad Marchand.
19:49 of 1st period - Stopped by Linus Ullmark without a rebound.
19:50 of 1st period - Jonathan Miller wins face-off versus Connor Dewar in NORTH DAKOTA HAWKS zone.
Goals for this period are 1 for NORTH DAKOTA HAWKS vs 1 for PHOENIX MUSTANGS.
Shots for this period are 10 for NORTH DAKOTA HAWKS vs 6 for PHOENIX MUSTANGS.

2nd period


0:01 of 2nd period - Jonathan Miller wins face-off versus Jack Hughes in neutral zone.
0:31 of 2nd period - Shot by Cale Makar.
0:31 of 2nd period - Stopped by Petr Mrazek without a rebound.
0:32 of 2nd period - Nick Suzuki wins face-off versus Mark Scheifele in PHOENIX MUSTANGS zone.
0:33 of 2nd period - Shot by Reyley Smith.
0:33 of 2nd period - Stopped by Petr Mrazek without a rebound.
0:34 of 2nd period - Mark Scheifele wins face-off versus Nick Suzuki in PHOENIX MUSTANGS zone.
1:31 of 2nd period - Shot by Garnet Hathaway.
1:31 of 2nd period - Shot Misses the Net.
1:35 of 2nd period - Shot by Connor Dewar.
1:35 of 2nd period - Shot Blocked by Radko Gudas.
1:37 of 2nd period - Shot by Alex Belzile.
1:37 of 2nd period - Shot Misses the Net.
1:43 of 2nd period - Shot by Alex Belzile.
1:43 of 2nd period - Shot Hit the Post.
1:49 of 2nd period - Shot by Connor Dewar.
1:49 of 2nd period - Stopped by Petr Mrazek without a rebound.
1:50 of 2nd period - Jonathan Miller wins face-off versus Jack Hughes in PHOENIX MUSTANGS zone.
2:32 of 2nd period - Shot by Jordan Kyrou.
2:32 of 2nd period - Shot Blocked by Erik Karlsson.
2:38 of 2nd period - Jordan Kyrou is hit by Jonathan Miller and loses puck.
2:57 of 2nd period - Shot by Alex Killorn.
2:57 of 2nd period - Stopped by Linus Ullmark with a rebound.
2:59 of 2nd period - Shot by Alex Killorn.
2:59 of 2nd period - Shot Blocked by Erik Johnson.
3:01 of 2nd period - Shot by Alex Killorn.
3:01 of 2nd period - Shot Blocked by Erik Johnson.
3:03 of 2nd period - Shot by Jesper Fast.
3:03 of 2nd period - Shot Misses the Net.
3:16 of 2nd period - Icing by Joel Edmundson.
3:17 of 2nd period - Frederick Gaudreau wins face-off versus Nic Dowd in PHOENIX MUSTANGS zone.
3:35 of 2nd period - Jesper Fast is hit by Mathew Dumba and loses puck.
3:54 of 2nd period - Shot by Frederick Gaudreau.
3:54 of 2nd period - Shot Misses the Net.
4:00 of 2nd period - Shot by Frederick Gaudreau.
4:00 of 2nd period - Deflect By Dillon Dube.
4:00 of 2nd period - Stopped by Petr Mrazek without a rebound.
4:01 of 2nd period - Jonathan Miller wins face-off versus Nick Suzuki in PHOENIX MUSTANGS zone.
4:39 of 2nd period - Shot by Reyley Smith.
4:39 of 2nd period - Stopped by Petr Mrazek without a rebound.
4:40 of 2nd period - Mark Scheifele wins face-off versus Connor Dewar in PHOENIX MUSTANGS zone.
4:40 of 2nd period - Mark Scheifele is hit by Garnet Hathaway.
4:56 of 2nd period - Shot by Alex Belzile.
4:56 of 2nd period - Deflect By Connor Dewar.
4:56 of 2nd period - Shot Misses the Net.
4:58 of 2nd period - Shot by Cale Makar.
4:58 of 2nd period - Shot Misses the Net.
5:14 of 2nd period - Shot by Mark Scheifele.
5:14 of 2nd period - Deflect By Andrew Copp.
5:14 of 2nd period - Shot Misses the Net.
5:29 of 2nd period - Icing by Brad Marchand.
5:30 of 2nd period - Mark Scheifele wins face-off versus Nick Suzuki in PHOENIX MUSTANGS zone.
5:32 of 2nd period - Icing by Brad Marchand.
5:33 of 2nd period - Mark Scheifele wins face-off versus Nick Suzuki in PHOENIX MUSTANGS zone.
7:04 of 2nd period - Shot by Kyle Connor.
7:04 of 2nd period - Shot Misses the Net.
7:14 of 2nd period - Shot by Jonathan Miller.
7:14 of 2nd period - Stopped by Linus Ullmark with a rebound.
7:16 of 2nd period - Shot by Jonathan Miller.
7:16 of 2nd period - Deflect By Kyle Connor.
7:16 of 2nd period - Shot Misses the Net.
7:18 of 2nd period - Shot by Jonathan Miller.
7:18 of 2nd period - Stopped by Linus Ullmark without a rebound.
7:19 of 2nd period - Tyson Jost wins face-off versus Frederick Gaudreau in NORTH DAKOTA HAWKS zone.
7:22 of 2nd period - Shot by Joel Armia.
7:22 of 2nd period - Shot Blocked by Cale Makar.
7:26 of 2nd period - Shot by Joel Armia.
7:26 of 2nd period - Shot Blocked by Cale Makar.
7:28 of 2nd period - Shot by Tyson Jost.
7:28 of 2nd period - Stopped by Linus Ullmark without a rebound.
7:29 of 2nd period - Mark Scheifele wins face-off versus Connor Dewar in NORTH DAKOTA HAWKS zone.
7:44 of 2nd period - Shot by Brad Marchand.
7:44 of 2nd period - Shot Blocked by Mathew Dumba.
7:58 of 2nd period - Shot by Garnet Hathaway.
7:58 of 2nd period - Stopped by Petr Mrazek without a rebound.
7:59 of 2nd period - Frederick Gaudreau wins face-off versus Kyle Connor in PHOENIX MUSTANGS zone.
7:59 of 2nd period - Dillon Dube is hit by Joel Edmundson.
8:15 of 2nd period - Shot by Jordan Eberle.
8:15 of 2nd period - Shot Misses the Net.
8:22 of 2nd period - Icing by Erik Johnson.
8:23 of 2nd period - Frederick Gaudreau wins face-off versus Tyson Jost in NORTH DAKOTA HAWKS zone.
9:05 of 2nd period - Shot by Jake DeBrusk.
9:05 of 2nd period - Stopped by Petr Mrazek with a rebound.
9:07 of 2nd period - Shot by Nick Suzuki.
9:07 of 2nd period - Stopped by Petr Mrazek without a rebound.
9:08 of 2nd period - Jack Hughes wins face-off versus Jonathan Miller in PHOENIX MUSTANGS zone.
9:24 of 2nd period - Off-side.
9:25 of 2nd period - Nic Dowd wins face-off versus Nick Suzuki in neutral zone.
10:10 of 2nd period - Shot by Nick Suzuki.
10:10 of 2nd period - Goal by Nick Suzuki - NORTH DAKOTA HAWKS : 2 - PHOENIX MUSTANGS : 1.
10:11 of 2nd period - Mark Scheifele wins face-off versus Jack Hughes in neutral zone.
10:39 of 2nd period - Brad Marchand is hit by Connor Clifton.
10:52 of 2nd period - Shot by Brad Marchand.
10:52 of 2nd period - Shot Misses the Net.
10:54 of 2nd period - Shot by Mark Scheifele.
10:54 of 2nd period - Stopped by Linus Ullmark with a rebound.
12:27 of 2nd period - Shot by Nic Dowd.
12:27 of 2nd period - Deflect By Alex Killorn.
12:27 of 2nd period - Stopped by Linus Ullmark without a rebound.
12:28 of 2nd period - Tyson Jost wins face-off versus Nick Suzuki in NORTH DAKOTA HAWKS zone.
12:35 of 2nd period - Shot by Reyley Smith.
12:35 of 2nd period - Shot Blocked by Joel Edmundson.
12:37 of 2nd period - Shot by Nick Suzuki.
12:37 of 2nd period - Stopped by Petr Mrazek with a rebound.
13:44 of 2nd period - Shot by Dillon Dube.
13:44 of 2nd period - Stopped by Petr Mrazek without a rebound.
13:45 of 2nd period - Kyle Connor wins face-off versus Jack Hughes in PHOENIX MUSTANGS zone.
13:47 of 2nd period - Icing by Jonathan Miller.
13:48 of 2nd period - Jonathan Miller wins face-off versus Jack Hughes in PHOENIX MUSTANGS zone.
13:55 of 2nd period - Shot by Jason Robertson.
13:55 of 2nd period - Deflect By Jack Hughes.
13:55 of 2nd period - Shot Misses the Net.
14:26 of 2nd period - Shot by Jack Hughes.
14:26 of 2nd period - Deflect By Jordan Kyrou.
14:26 of 2nd period - Shot Blocked by Erik Karlsson.
14:37 of 2nd period - Icing by Erik Karlsson.
14:38 of 2nd period - Jonathan Miller wins face-off versus Frederick Gaudreau in PHOENIX MUSTANGS zone.
14:58 of 2nd period - Off-side.
14:59 of 2nd period - Nick Suzuki wins face-off versus Mark Scheifele in neutral zone.
15:06 of 2nd period - Shot by Nick Suzuki.
15:06 of 2nd period - Stopped by Petr Mrazek without a rebound.
15:07 of 2nd period - Nick Suzuki wins face-off versus Mark Scheifele in PHOENIX MUSTANGS zone.
15:07 of 2nd period - Cale Makar is hit by Jeff Petry and loses puck.
15:16 of 2nd period - Shot by Jake DeBrusk.
15:16 of 2nd period - Shot Misses the Net.
15:18 of 2nd period - Shot by Nick Suzuki.
15:18 of 2nd period - Goal by Nick Suzuki - NORTH DAKOTA HAWKS : 3 - PHOENIX MUSTANGS : 1.
15:19 of 2nd period - Nic Dowd wins face-off versus Frederick Gaudreau in neutral zone.
15:40 of 2nd period - Shot by Emil Bemstrom.
15:40 of 2nd period - Stopped by Petr Mrazek without a rebound.
15:41 of 2nd period - Mark Scheifele wins face-off versus Nick Suzuki in PHOENIX MUSTANGS zone.
15:50 of 2nd period - Shot by Andrew Copp.
15:50 of 2nd period - Stopped by Linus Ullmark without a rebound.
15:51 of 2nd period - Mark Scheifele wins face-off versus Jack Hughes in NORTH DAKOTA HAWKS zone.
16:01 of 2nd period - Icing by Cale Makar.
16:02 of 2nd period - Nic Dowd wins face-off versus Jack Hughes in NORTH DAKOTA HAWKS zone.
16:39 of 2nd period - Shot by Jason Robertson.
16:39 of 2nd period - Stopped by Petr Mrazek with a rebound.
16:41 of 2nd period - Shot by Jason Robertson.
16:41 of 2nd period - Stopped by Petr Mrazek without a rebound.
16:42 of 2nd period - Mark Scheifele wins face-off versus Nick Suzuki in PHOENIX MUSTANGS zone.
16:47 of 2nd period - Nick Suzuki is hit by Mark Scheifele and loses puck.
17:25 of 2nd period - Icing by Nick Blankenburg.
17:26 of 2nd period - Nick Suzuki wins face-off versus Jonathan Miller in NORTH DAKOTA HAWKS zone.
17:33 of 2nd period - Shot by Reyley Smith.
17:33 of 2nd period - Stopped by Petr Mrazek without a rebound.
17:34 of 2nd period - Jordan Eberle wins face-off versus Frederick Gaudreau in PHOENIX MUSTANGS zone.
17:53 of 2nd period - Shot by Jordan Eberle.
17:53 of 2nd period - Shot Misses the Net.
17:55 of 2nd period - Shot by Jonathan Miller.
17:55 of 2nd period - Shot Misses the Net.
17:57 of 2nd period - Shot by Jeff Petry.
17:57 of 2nd period - Shot Misses the Net.
18:41 of 2nd period - Shot by Mark Scheifele.
18:41 of 2nd period - Stopped by Linus Ullmark with a rebound.
19:23 of 2nd period - Shot by Nic Dowd.
19:23 of 2nd period - Shot Misses the Net.
19:55 of 2nd period - Jason Robertson is hit by Ilya Lyubushkin and loses puck.
Goals for this period are 2 for NORTH DAKOTA HAWKS vs 0 for PHOENIX MUSTANGS.
Shots for this period are 17 for NORTH DAKOTA HAWKS vs 8 for PHOENIX MUSTANGS.

3rd period


0:01 of 3rd period - Nick Suzuki wins face-off versus Jonathan Miller in neutral zone.
0:31 of 3rd period - Shot by Jake DeBrusk.
0:31 of 3rd period - Stopped by Petr Mrazek without a rebound.
0:32 of 3rd period - Mark Scheifele wins face-off versus Jack Hughes in PHOENIX MUSTANGS zone.
0:46 of 3rd period - Icing by Jeff Petry.
0:47 of 3rd period - Mark Scheifele wins face-off versus Connor Dewar in PHOENIX MUSTANGS zone.
1:04 of 3rd period - Icing by Ryan Lindgren.
1:05 of 3rd period - Nic Dowd wins face-off versus Connor Dewar in NORTH DAKOTA HAWKS zone.
1:05 of 3rd period - Nic Dowd is hit by Erik Johnson.
1:19 of 3rd period - Nic Dowd is hit by Erik Johnson and loses puck.
1:31 of 3rd period - Icing by Erik Johnson.
1:32 of 3rd period - Jonathan Miller wins face-off versus Connor Dewar in NORTH DAKOTA HAWKS zone.
1:32 of 3rd period - Kyle Connor is hit by Erik Johnson.
1:49 of 3rd period - Icing by Erik Johnson.
1:50 of 3rd period - Connor Dewar wins face-off versus Brad Marchand in NORTH DAKOTA HAWKS zone.
1:54 of 3rd period - Off-side.
1:55 of 3rd period - Jack Hughes wins face-off versus Jonathan Miller in neutral zone.
2:03 of 3rd period - Icing by Damon Severson.
2:04 of 3rd period - Nick Suzuki wins face-off versus Jonathan Miller in PHOENIX MUSTANGS zone.
2:28 of 3rd period - Shot by Kyle Connor.
2:28 of 3rd period - Shot Blocked by Reyley Smith.
2:36 of 3rd period - Shot by Nick Suzuki.
2:36 of 3rd period - Stopped by Petr Mrazek without a rebound.
2:37 of 3rd period - Mark Scheifele wins face-off versus Jordan Kyrou in PHOENIX MUSTANGS zone.
3:00 of 3rd period - Shot by Mark Scheifele.
3:00 of 3rd period - Stopped by Linus Ullmark without a rebound.
3:01 of 3rd period - Connor Dewar wins face-off versus Nic Dowd in NORTH DAKOTA HAWKS zone.
3:10 of 3rd period - Shot by Garnet Hathaway.
3:10 of 3rd period - Stopped by Petr Mrazek without a rebound.
3:11 of 3rd period - Jack Hughes wins face-off versus Brad Marchand in PHOENIX MUSTANGS zone.
3:37 of 3rd period - Shot by Brad Marchand.
3:37 of 3rd period - Stopped by Linus Ullmark without a rebound.
3:38 of 3rd period - Nick Suzuki wins face-off versus Nic Dowd in NORTH DAKOTA HAWKS zone.
5:39 of 3rd period - Minor Penalty to Erik Johnson for Interference.
5:40 of 3rd period - Frederick Gaudreau wins face-off versus Jonathan Miller in NORTH DAKOTA HAWKS zone.
5:48 of 3rd period - Off-side.
5:49 of 3rd period - Kyle Connor wins face-off versus Frederick Gaudreau in neutral zone.
7:44 of 3rd period - Jake DeBrusk is hit by Radko Gudas and loses puck.
8:26 of 3rd period - Radko Gudas is hit by Jack Hughes and loses puck.
9:38 of 3rd period - Shot by Connor Dewar.
9:38 of 3rd period - Deflect By Garnet Hathaway.
9:38 of 3rd period - Stopped by Petr Mrazek without a rebound.
9:39 of 3rd period - Jonathan Miller wins face-off versus Reyley Smith in PHOENIX MUSTANGS zone.
9:57 of 3rd period - Shot by Nick Suzuki.
9:57 of 3rd period - Stopped by Petr Mrazek with a rebound.
9:59 of 3rd period - Shot by Jake DeBrusk.
9:59 of 3rd period - Goal by Jake DeBrusk - NORTH DAKOTA HAWKS : 4 - PHOENIX MUSTANGS : 1.
10:00 of 3rd period - Frederick Gaudreau wins face-off versus Mark Scheifele in neutral zone.
10:11 of 3rd period - Shot by Dillon Dube.
10:11 of 3rd period - Stopped by Petr Mrazek without a rebound.
10:12 of 3rd period - Nick Suzuki wins face-off versus Jonathan Miller in PHOENIX MUSTANGS zone.
10:19 of 3rd period - Shot by Nick Suzuki.
10:19 of 3rd period - Deflect By Reyley Smith.
10:19 of 3rd period - Stopped by Petr Mrazek without a rebound.
10:20 of 3rd period - Frederick Gaudreau wins face-off versus Mark Scheifele in PHOENIX MUSTANGS zone.
11:00 of 3rd period - Shot by Dillon Dube.
11:00 of 3rd period - Shot Misses the Net.
11:24 of 3rd period - Shot by Jason Robertson.
11:24 of 3rd period - Shot Misses the Net.
12:03 of 3rd period - Jordan Kyrou is hit by Radko Gudas.
12:14 of 3rd period - Icing by Jeff Petry.
12:15 of 3rd period - Jonathan Miller wins face-off versus Nick Suzuki in PHOENIX MUSTANGS zone.
12:15 of 3rd period - Jonathan Miller is hit by Reyley Smith.
12:22 of 3rd period - Icing by Radko Gudas.
12:23 of 3rd period - Nick Suzuki wins face-off versus Jonathan Miller in PHOENIX MUSTANGS zone.
12:43 of 3rd period - Nick Suzuki is hit by Radko Gudas and loses puck.
13:05 of 3rd period - Icing by Jeff Petry.
13:06 of 3rd period - Jonathan Miller wins face-off versus Connor Dewar in PHOENIX MUSTANGS zone.
13:13 of 3rd period - Shot by Jonathan Miller.
13:13 of 3rd period - Deflect By Kyle Connor.
13:13 of 3rd period - Stopped by Linus Ullmark without a rebound.
13:14 of 3rd period - Frederick Gaudreau wins face-off versus Nic Dowd in NORTH DAKOTA HAWKS zone.
14:14 of 3rd period - Shot by Andrew Copp.
14:14 of 3rd period - Shot Misses the Net.
14:16 of 3rd period - Shot by Andrew Copp.
14:16 of 3rd period - Shot Blocked by Ryan Lindgren.
14:18 of 3rd period - Shot by Brad Marchand.
14:18 of 3rd period - Shot Blocked by Erik Johnson.
14:20 of 3rd period - Shot by Brad Marchand.
14:20 of 3rd period - Stopped by Linus Ullmark without a rebound.
14:21 of 3rd period - Jonathan Miller wins face-off versus Jack Hughes in NORTH DAKOTA HAWKS zone.
14:56 of 3rd period - Icing by Joel Edmundson.
14:57 of 3rd period - Jonathan Miller wins face-off versus Nick Suzuki in PHOENIX MUSTANGS zone.
15:18 of 3rd period - Joel Edmundson is hit by Reyley Smith and loses puck.
15:19 of 3rd period - Joel Edmundson from PHOENIX MUSTANGS is injured at 15:19 of 3rd period (Bruised Left Shoulder).
15:20 of 3rd period - Mark Scheifele wins face-off versus Connor Dewar in PHOENIX MUSTANGS zone.
15:20 of 3rd period - Mark Scheifele is hit by Garnet Hathaway.
15:44 of 3rd period - Shot by Erik Karlsson.
15:44 of 3rd period - Stopped by Linus Ullmark without a rebound.
15:45 of 3rd period - Nic Dowd wins face-off versus Nick Suzuki in NORTH DAKOTA HAWKS zone.
16:00 of 3rd period - Shot by Jake DeBrusk.
16:00 of 3rd period - Deflect By Nick Suzuki.
16:00 of 3rd period - Shot Blocked by Jeff Petry.
17:09 of 3rd period - Shot by Jason Robertson.
17:09 of 3rd period - Shot Misses the Net.
17:13 of 3rd period - Shot by Jack Hughes.
17:13 of 3rd period - Shot Misses the Net.
17:20 of 3rd period - Jack Hughes is hit by Damon Severson and loses puck.
17:52 of 3rd period - Shot by Connor Dewar.
17:52 of 3rd period - Stopped by Petr Mrazek without a rebound.
17:53 of 3rd period - Jonathan Miller wins face-off versus Frederick Gaudreau in PHOENIX MUSTANGS zone.
19:13 of 3rd period - Shot by Nick Suzuki.
19:13 of 3rd period - Stopped by Petr Mrazek without a rebound.
19:14 of 3rd period - Mark Scheifele wins face-off versus Jack Hughes in PHOENIX MUSTANGS zone.
19:27 of 3rd period - Shot by Mark Scheifele.
19:27 of 3rd period - Stopped by Linus Ullmark with a rebound.
19:29 of 3rd period - Shot by Erik Karlsson.
19:29 of 3rd period - Deflect By Brad Marchand.
19:29 of 3rd period - Stopped by Linus Ullmark without a rebound.
19:30 of 3rd period - Nic Dowd wins face-off versus Connor Dewar in NORTH DAKOTA HAWKS zone.
19:49 of 3rd period - Off-side.
19:50 of 3rd period - Mark Scheifele wins face-off versus Jack Hughes in neutral zone.
19:59 of 3rd period - Icing by Erik Karlsson.
Goals for this period are 1 for NORTH DAKOTA HAWKS vs 0 for PHOENIX MUSTANGS.
Shots for this period are 10 for NORTH DAKOTA HAWKS vs 7 for PHOENIX MUSTANGS.


BLAKE
WHEELER
STEVEN
STAMKOS
DREW
DOUGHTY

EAST COAST

HOCKEY LEAGUE

  • 63.RHI2PIT5
  • 64.WOR4ATL3
  • 65.QUECHW
  • 66.CHATRV